 Dungeon Crawl Stone Soup version 0.20.1-1-g8b1a95d (console) character file.

2356 hilaritas the Frost Mage (level 9, -1/48 HPs)
             Began as a Deep Elf Ice Elementalist on Aug 27, 2017.
             Splashed by a jelly's acid (4 damage)
             ... on level 6 of the Dungeon.
             The game lasted 00:19:03 (7942 turns).

hilaritas the Frost Mage (DEIE)                     Turns: 7942, Time: 00:19:03

Health: -1/48      AC:  4    Str:  6    XL:     9   Next: 20%
Magic:  0/22       EV: 14    Int: 23    God:
Gold:   149        SH:  0    Dex: 15    Spells: 9/23 levels left

rFire    . . .     SeeInvis .   g - +1 dagger
rCold    . . .     Gourm    .   (no shield)
rNeg     . . .     Faith    .   a - +0 robe
rPois    .         Spirit   .   u - +0 helmet
rElec    .         Reflect  .   (no cloak)
rCorr    +         Harm     .   i - +0 pair of gloves
MR       .....                  (no boots)
Stlth    ++........             (no amulet)
Regen    0.2/turn               w - ring of resist corrosion
MPRegen  0.2/turn               (no ring)

@: no status effects
A: no striking features
a: no special abilities


You were on level 6 of the Dungeon.
You were hungry.

You visited 1 branch of the dungeon, and saw 6 of its levels.

You collected 302 gold pieces.
You spent 153 gold pieces at shops.

Inventory:

Hand Weapons
 g - a +1 dagger (weapon)
Missiles
 d - 112 arrows
 m - 127 stones (quivered)
Armour
 a - a +0 robe (worn)
 i - a +0 pair of gloves (worn)
 u - a +0 helmet (worn)
 z - a cursed -1 shield
Jewellery
 w - a ring of resist corrosion (left hand)
Wands
 v - a wand of random effects (33/48)
Scrolls
 e - 4 scrolls of identify
 p - 4 scrolls of remove curse
 y - 3 scrolls of teleportation
 A - 2 scrolls of enchant weapon
Potions
 f - 2 potions of lignification
 k - 2 potions of curing {unknown}
 n - 2 potions of invisibility {unknown}
 o - 2 potions of cancellation {unknown}
 q - a potion of flight {unknown}
 r - a potion of might {unknown}
 s - a potion of mutation {unknown}
 t - a potion of brilliance
 x - 2 potions of heal wounds {unknown}
 B - a potion of magic {unknown}
 C - 2 potions of resistance {unknown}
 E - 2 potions of berserk rage {unknown}
Books
 b - a book of Frost

   Spells                             Type                      Level
   a - Freeze                         Ice                          1
   b - Throw Frost                    Conjuration/Ice              2
   c - Ozocubu's Armour               Charms/Ice                   3
   d - Throw Icicle                   Conjuration/Ice              4
   e - Summon Ice Beast               Ice/Summoning                4
 D - a book of Flames

   Spells                             Type                      Level
   a - Flame Tongue                   Conjuration/Fire             1
   b - Throw Flame                    Conjuration/Fire             2
   c - Conjure Flame                  Conjuration/Fire             3
   d - Inner Flame                    Hexes/Fire                   3
   e - Sticky Flame                   Conjuration/Fire             4
   f - Fireball                       Conjuration/Fire             5
Comestibles
 c - 2 bread rations
 h - 4 meat rations
 j - 3 fruits
 l - 6 royal jellies


   Skills:
 - Level 2.0 Fighting
 - Level 4.1 Dodging
 - Level 2.4 Stealth
 - Level 7.8 Spellcasting
 * Level 6.2 Conjurations
 - Level 2.0 Charms
 - Level 2.1 Summonings
 + Level 9.4 Ice Magic


You had 9 spell levels left.
You knew the following spells:

 Your Spells              Type           Power        Failure   Level  Hunger
a - Freeze                Ice            ####         1%          1    None
b - Throw Frost           Conj/Ice       #####.       1%          2    None
c - Ozocubu's Armour      Chrm/Ice       #####...     1%          3    None
d - Throw Icicle          Conj/Ice       #####...     2%          4    ###....
e - Summon Ice Beast      Ice/Summ       #####...     6%          4    ###....


Dungeon Overview and Level Annotations

Branches:
Dungeon (6/15)
 Temple: D:4-7

Altars:
Makhleb

Shops:
D:4 *


Message History

You hit the ooze.
You kill the ooze!
Casting: Freeze
Confirm with . or Enter, or press ? or * to list all spells.
Aiming: Freeze
Press: ? - help, Shift-Dir - straight line, f - jelly
Aim: a jelly You freeze the jelly.
The jelly is moderately wounded.
You feel less wooden.
Your +0 helmet unmelds from your body.
Your +0 pair of gloves unmelds from your body.
Your +0 robe unmelds from your body.
The jelly barely misses you.
You hit the jelly.
Your hands burn!
* * * LOW HITPOINT WARNING * * *
The jelly is moderately wounded.
The jelly hits you.
* * * LOW HITPOINT WARNING * * *
You are splashed with acid!
The acid burns!
You resist.
You die...

## #.#
#.#≈≈#≈≈.....# #
#.# #.#≈≈#≈≈.....#
# #.#
#####.#≈≈#≈≈#.####
####.#
#......≈≈≈≈≈..#
..##.#
##.###.#≈###≈..#
#..#.# #..#
#..≈≈≈≈≈#†#
##...### ##..#
#....####.#
###....###...#
#.#### #.#
....##..##.#.# #@#
#.# ##..###.##.#.#
#J# #.#
#.####<##.#.# #J#
#.# #.# #.......#
#J# #.#
#.###..###.##


JJJ #.# #.#......#.###JJJ# #.# #...####....#..J.. #.# #..## ##.###.....# #.#
##..# #.# #....J# #.# You could see 5 jellies and 5 oozes.

Vanquished Creatures
  A slime creature (D:6)
  A hippogriff (D:6)
  The ghost of gobwax the Insei, an amateur OpTm of Uskayaw (D:4)
  A sky beast (D:6)
  An ice beast (D:6)
  5 ogres
  2 centaurs
  A crimson imp (D:5)
  A centaur zombie (D:6)
  A bullfrog zombie (D:5)
  2 iguanas (D:5)
  4 hounds
  8 jellies
  3 orc wizards
  Terence (D:2)
  6 worker ants
  A hound skeleton (D:6)
  Robin (D:3)
  8 gnolls
  6 adders
  A shadow imp (D:5)
  3 oozes
  2 adder skeletons
  A worm (D:4)
  3 dart slugs
  3 leopard geckos
  8 orcs
  5 ball pythons
  5 giant cockroaches
  18 goblins
  16 hobgoblins
  2 jackals (D:3)
  8 kobolds
  A quokka (D:4)
  8 bats
  8 frilled lizards
  A jackal skeleton (D:5)
  9 rats
157 creatures vanquished.

Vanquished Creatures (collateral kills)
  A bullfrog (D:6)
1 creature vanquished.

Vanquished Creatures (others)
  6 fungi (D:6)
6 creatures vanquished.

Grand Total: 164 creatures vanquished

Notes
Turn   | Place    | Note
-------+----------+-------------------------------------------
     0 | D:1      | hilaritas the Deep Elf Ice Elementalist began the quest for the Orb.
     0 | D:1      | Reached XP level 1. HP: 10/10 MP: 6/6
   172 | D:1      | Reached XP level 2. HP: 13/15 MP: 1/8
   265 | D:1      | Reached skill level 4 in Ice Magic
   275 | D:1      | Learned a level 2 spell: Throw Frost
   687 | D:1      | Reached XP level 3. HP: 19/19 MP: 6/9
   766 | D:1      | Learned a level 3 spell: Ozocubu's Armour
  1542 | D:2      | Reached skill level 5 in Ice Magic
  1950 | D:2      | Reached XP level 4. HP: 24/24 MP: 7/10
  2328 | D:2      | Noticed Terence
  2329 | D:2      | Found a burning altar of Makhleb.
  2360 | D:2      | Killed Terence
  2715 | D:2      | Learned a level 4 spell: Throw Icicle
  2879 | D:3      | Reached skill level 5 in Spellcasting
  2879 | D:3      | Reached XP level 5. HP: 20/28 MP: 5/14
  2966 | D:3      | Learned a level 4 spell: Summon Ice Beast
  3013 | D:3      | Noticed Robin
  3025 | D:3      | Killed Robin
  3979 | D:4      | Noticed gobwax's ghost (amateur OpTm)
  3991 | D:4      | Killed gobwax's ghost
  3991 | D:4      | Reached XP level 6. HP: 28/32 MP: 5/18
  4088 | D:4      | Reached skill level 1 in Charms
  4309 | D:4      | Reached skill level 1 in Summonings
  4517 | D:4      | Found Vaisor Wuwna's Assorted Antiques.
  4520 | D:4      | Bought a runed iron ring for 130 gold pieces
  4520 | D:4      | Bought a purple potion for 23 gold pieces
  4605 | D:4      | Reached XP level 7. HP: 29/37 MP: 14/20
  4814 | D:4      | Reached skill level 1 in Fighting
  4879 | D:5      | Entered Level 5 of the Dungeon
  5577 | D:5      | Reached skill level 6 in Ice Magic
  5577 | D:5      | Reached XP level 8. HP: 43/44 MP: 10/21
  6143 | D:5      | Reached skill level 7 in Ice Magic
  7262 | D:6      | Reached skill level 5 in Conjurations
  7262 | D:6      | Reached skill level 8 in Ice Magic
  7307 | D:6      | Noticed a hippogriff
  7316 | D:6      | Killed a hippogriff
  7495 | D:6      | Reached XP level 9. HP: 40/48 MP: 10/22
  7888 | D:6      | Reached skill level 9 in Ice Magic
  7942 | D:6      | Splashed by a jelly's acid

Skill      XL: |  1  2  3  4  5  6  7  8  9 |
---------------+----------------------------+-----
Ice Magic      | 4 5 6 8 9 |  9.4
Conjurations   | 2 3 5 6 |  6.2
Spellcasting   | 5 7 |  7.8
Charms         | 1 2 |  2.0
Summonings     | 1 2 |  2.1
Dodging        | 3 4 |  4.1
Fighting       | 2 |  2.0
Stealth        | |  2.4

Action                   |  1- 3 |  4- 6 |  7- 9 || total
-------------------------+-------+-------+-------++-------
Melee: Dagger            |     5 |    15 |    38 ||    58
 Cast: Freeze            |    62 |   115 |   119 ||   296
       Ozocubu's Armour  |       |     3 |    12 ||    15
       Throw Frost       |       |       |    34 ||    34
       Throw Icicle      |       |       |    21 ||    21
       Summon Ice Beast  |       |       |     1 ||     1
  Use: Scroll            |     5 |     4 |     2 ||    11
       Potion            |       |       |     4 ||     4
  Eat: Chunk             |     3 |     8 |    11 ||    22
Armor: Robe              |    16 |    23 |    27 ||    66
       Leather armour    |     4 |       |       ||     4
       Skin              |       |       |    33 ||    33
Dodge: Dodged            |    36 |    57 |    74 ||   167
